Map: Eindringling LE

Players

Panda - Winner!

  • Race: Zerg Zerg
  • League: Diamond
  • Spawn Location: 11:00

dare

  • Race: Zerg Zerg
  • League: Diamond
  • Spawn Location: 5:00

VOD

Have the link to the VOD?

Description

Time

  • Played on: Sept. 9, 2017, 4:38 p.m.
  • Length: 4:09
Show
View Real Time Build Order
Export as new Build Order

Panda Zerg - Winner!

Build Orders: Pool Only, Zergling Baneling 

Get SALT Encoding   

  12  0:01  Drone  
  13  0:16  Extractor  
  12  0:24  Spawning Pool  
  12  0:28  Drone  
  12  0:34  Drone  
  13  0:37  Drone  
  14  0:46  Overlord  
  14  1:11  Zergling x4  
  14  1:12  Zergling x2  
  14  1:14  Queen  
  19  1:22  Zergling x2  
  20  1:28  Metabolic Boost  
  20  1:33  Zergling x2  
  21  1:45  Overlord  
  21  1:57  Baneling Nest  
  21  1:58  Zergling x2  
  21  2:12  Zergling x2  
  22  2:16  Zergling x2  
  23  2:31  Zergling x6  
  23  2:35  Zergling x2  
  27  2:43  Baneling x3  
  27  2:47  Zergling x2  
  28  2:56  Zergling x2  
  22  3:32  Zergling x4  
  22  3:33  Zergling x2  
  21  3:37  Baneling x6  
  21  3:40  Zergling x8  
Show
View Real Time Build Order
Export as new Build Order

dare Zerg 

Build Orders: Hatch First 

Get SALT Encoding   

  12  0:01  Drone  
  13  0:13  Overlord  
  13  0:18  Drone  
  14  0:31  Drone x2  
  16  0:37  Drone  
  17  0:45  Drone  
  18  0:57  Hatchery  
  18  0:59  Drone  
  18  1:13  Spawning Pool  
  17  1:21  Extractor, Drone  
  17  1:22  Drone  
  18  1:28  Drone  
  19  1:39  Drone  
  20  1:49  Overlord  
  20  2:00  Queen  
  22  2:12  Zergling x2  
  22  2:13  Zergling x4  
  24  2:18  Spine Crawler  
  21  2:30  Zergling x4  
  22  2:42  Drone  
  22  2:43  Drone x2, Zergling x2  
  25  2:51  Spine Crawler  
  25  2:58  Spine Crawler  
  23  3:13  Zergling x2  
  23  3:14  Zergling x6  
  19  3:49  Zergling x4  
  19  3:50  Zergling x2  
Tags
 
Matchup
ZvZ
Race
Zerg
Replay Pack
replays1
Spawn Locations
Cross Positions
Add a new tag
Caveats
  • Supply blocks, unpowered buildings, or Contaminate may cause inaccurate times.
  • Supply counts are checked every 10 seconds.